 Dungeon Crawl Stone Soup version 0.29-a0-819-g94b489e0ae (webtiles) character file.

Game seed: 14572677243834941893

51 lesbiats the Digger (level 3, -4/20 HPs)
             Began as a Gargoyle Earth Elementalist on July 5, 2022.
             Was a Believer of Nemelex Xobeh.
             Slain by Natasha (8 damage)
             ... on level 3 of the Dungeon on July 7, 2022.
             The game lasted 00:12:35 (1935 turns).

lesbiats the Digger (Gargoyle Earth Elementalist)   Turns: 1935, Time: 00:12:36

Health: -4/20      AC:  5    Str: 11    XL:     3   Next: 81%
Magic:  3/6        EV: 12    Int: 17    God:    Nemelex Xobeh [**....]
Gold:   167        SH:  0    Dex: 10    Spells: 6/7 levels left

rFire   . . .      SeeInvis .   (no weapon)
rCold   . . .      Faith    .   (no shield)
rNeg    + . .      Spirit   .   a - +0 robe
rPois   ∞          Reflect  .   (no helmet)
rElec   +          Harm     .   (no cloak)
rCorr   .          Rampage  .   (no gloves)
Will    .....                   (no boots)
Stlth   ++........              (no amulet)
HPRegen 0.06/turn               (no ring)
MPRegen 0.10/turn               (no ring)

@: slowed, very slow
A: sickness immunity, AC +3, negative energy resistance 1, electricity
resistance, torment resistance 1, petrification resistance
a: Renounce Religion, Draw Escape, Draw Destruction, Draw Summoning


You were on level 3 of the Dungeon.
You worshipped Nemelex Xobeh.
Nemelex Xobeh was pleased with you.
You visited 1 branch of the dungeon, and saw 3 of its levels.

You collected 167 gold pieces.

Inventory:

Armour
 a - a +0 robe (worn)
Jewellery
 j - a ring of flight
 k - a +6 ring of dexterity
Scrolls
 c - 2 scrolls of noise {unknown}
 d - 2 scrolls of identify {unknown}
 f - a scroll of immolation {unknown}
 g - a scroll of poison {unknown}
 h - 2 scrolls of vulnerability {unknown}
 l - a scroll of fog {unknown}
Potions
 b - a potion of magic
 e - a potion of flight {unknown}
 i - a potion of resistance {unknown}


   Skills:
 + Level 0.8 Fighting
 + Level 1.7 Dodging
 + Level 2.6 Stealth
 * Level 2.5 Spellcasting
 + Level 1.1 Transmutations
 + Level 3.8 Earth Magic
 * Level 1.4 Invocations


You had 6 spell levels left.
You knew the following spells:

 Your Spells              Type           Power      Damage    Failure   Level
a - Sandblast             Erth           30%        2d9       3%          1

Your spell library contained the following spells:

 Spells                   Type           Power      Damage    Failure   Level
 Passwall                 Tmut/Erth      8%         N/A       10%         2
 Summon Small Mammal      Summ           8%         N/A       19%         1
 Stone Arrow              Conj/Erth      16%        3d8       26%         3
 Call Canine Familiar     Summ           2%         N/A       50%         3
 Summon Guardian Golem    Hex/Summ       2%         N/A       50%         3
 Petrify                  Tmut/Erth      10%        N/A       54%         4
 Animate Armour           Summ/Erth      16%        N/A       63%         4
 Anguish                  Hex/Necr       1%         N/A       88%         4
 Blade Hands              Tmut           3%         N/A       97%         5
 Iron Shot                Conj/Erth      4%         9d2       100%        6
 Enfeeble                 Hex            1%         N/A       100%        7


Dungeon Overview and Level Annotations

Branches:
Dungeon (3/15)

Altars:
Nemelex Xobeh
Ru

Annotations:
D:3 Natasha


Innate Abilities, Weirdness & Mutations

You are immune to sickness and miasma.
Your stone body is resilient. (AC +3)
You are immune to poison.
You resist negative energy. (rN+)
You are resistant to electric shocks. (rElec)
You are resistant to unholy torment.
You are immune to petrification.


Message History

You now have 167 gold pieces (gained 8).
Natasha claws you but does no damage.
The hobgoblin hits you but does no damage.
Aiming: Sandblast (safe; 3% risk of failure)
Press: ? - help, Q - select action, (/) - cycle Shift-Dir - straight line, f - Natasha
Aim: Natasha (74% to hit)
The blast of sand hits Natasha.
Natasha is moderately wounded.
Natasha casts a spell at you.
You feel yourself slow down. The hobgoblin closely misses you.
Natasha barely misses you.
The hobgoblin hits you but does no damage.
Aiming: Sandblast (safe; 3% risk of failure)
Press: ? - help, Q - select action, (/) - cycle Shift-Dir - straight line, f/p - Natasha
Aim: Natasha (moderately wounded, 74% to hit)
The blast of sand hits Natasha.
Natasha is heavily wounded.
Natasha casts a spell at you. The magic dart hits you! The hobgoblin hits you.
Natasha completely misses you. The hobgoblin barely misses you.
Natasha claws you but does no damage. The hobgoblin closely misses you.
Aiming: Sandblast (safe; 3% risk of failure)
Press: ? - help, Q - select action, (/) - cycle Shift-Dir - straight line, f/p - Natasha
Aim: Natasha (heavily wounded, 74% to hit)
The blast of sand hits Natasha.
Natasha is severely wounded.
Natasha claws you.
* * * LOW HITPOINT WARNING * * *
The hobgoblin barely misses you. Natasha claws you.
* * * LOW HITPOINT WARNING * * *
The hobgoblin hits you but does no damage.
Natasha misses you.
The hobgoblin hits you but does no damage.
You draw a card...
You have drawn the Elixir.
You begin rapidly regenerating health and magic.
Natasha closely misses you. The hobgoblin hits you.
* * * LOW HITPOINT WARNING * * *
Natasha attacks as you move away! Natasha claws you!
You die...
Your body glows slightly and disappears.

#### #+ ....
#. ..... #.
...... ##.
....?.
.5#+#.....
#h...# #@g..#
#....#
##+##....#
#........#
#......###
#......#
#......######
##+###......#
####...#


You could see Natasha, a shadow imp (summoned) and a hobgoblin.

Vanquished Creatures
  2 adders (D:2)
  3 dart slugs
  A ball python (D:2)
  2 bats (D:1)
  5 endoplasms
  2 giant cockroaches
  4 goblins
  2 hobgoblins (D:1)
  2 kobolds
23 creatures vanquished.

Notes
Turn   | Place    | Note
-------+----------+-------------------------------------------
     0 | D:1      | lesbiats the Gargoyle Earth Elementalist began the quest
                  | for the Orb.
     0 | D:1      | Reached XP level 1. HP: 10/10 MP: 3/3
    80 | D:1      | Found a faded altar of an unknown god.
    87 | D:1      | Prayed at the altar of an unknown god.
    87 | D:1      | Became a worshipper of Nemelex Xobeh the Trickster
    87 | D:1      | Reached * piety under Nemelex Xobeh
   207 | D:1      | Received a gift from Nemelex Xobeh
   332 | D:1      | Upgraded the game from 0.29-a0-817-g9904bce7a6 to
                  | 0.29-a0-819-g94b489e0ae
   364 | D:1      | Reached XP level 2. HP: 15/15 MP: 3/5
   437 | D:1      | Reached skill level 1 in Transmutations
   673 | D:1      | Reached skill level 1 in Invocations
   813 | D:2      | Found a sacrificial altar of Ru.
   835 | D:2      | Reached ** piety under Nemelex Xobeh
  1052 | D:2      | Reached XP level 3. HP: 8/20 MP: 2/6
  1924 | D:3      | Noticed Natasha
  1935 | D:3      | Slain by Natasha

Illustrated notes

Levels and vault maps discovered:
D:1:      doesnt_arrival_eight_statues, layout_basic,
          shapermc_ecumenical_altar_venn
D:2:      layout_loops_cross, basic_altar, serial_park_tiny_pond,
          grunt_decor_cap
D:3:      layout_basic, lemuel_old_faithful, uniq_natasha,
          uniq_crazy_yiuf_cottage, uniq_ijyb, uniq_pargi

Skill      XL: |  1  2 |
---------------+-------+-----
Transmutations | 1 |  1.1
Invocations    | 1 |  1.4
Fighting       | |  0.8
Dodging        | |  1.7
Stealth        | |  2.6
Spellcasting   | |  2.5
Earth Magic    | |  3.8

Action                   || total
-------------------------++-------
Melee: Unarmed           ||    28
       Punch             ||     1
 Cast: Sandblast         ||    35
Invok: Draw Destruction  ||     2
       Draw Escape       ||     1
Armor: Robe              ||    26
Dodge: Dodged            ||    48

Table legend: (Time is in decaauts)
 A = Elapsed time spent in this place.
 B = Non-inter-level travel time spent in this place.
 C = Inter-level travel time spent in this place.
 D = Time resting spent in this place.
 E = Time spent auto-exploring this place.
 F = Levels seen in this place.
 G = Mean time per level.
                   A        B        C        D        E       F      G
               +--------+--------+--------+--------+--------+-----+--------+
         Total |   1972 |   1917 |     55 |    428 |   1162 |   3 |  657.3 |
       Dungeon |   1972 |   1917 |     55 |    428 |   1162 |   3 |  657.3 |
               +--------+--------+--------+--------+--------+-----+--------+

Top non-repeatable levels by time:
     D:2: 1133 daAuts
     D:1: 789 daAuts
     D:3: 50 daAuts
